 Dungeon Crawl Stone Soup version 0.24-a0-235-g3f03afc (webtiles) character file.

Game seed: 4802785211332691636

14509 KristoblXynda the Grappler (level 11, -19/102 HPs)
             Began as a Troll Wizard on Apr 7, 2019.
             Was a Believer of Ashenzari.
             Hit by a javelin thrown by a minotaur (30 damage)
             ... in a Gauntlet.
             The game lasted 00:28:04 (10902 turns).

KristoblXynda the Grappler (Troll Wizard)          Turns: 10902, Time: 00:28:05

Health: -19/102    AC: 12    Str: 17    XL:     11   Next: 89%
Magic:  16/16      EV: 11    Int: 17    God:    Ashenzari [**....]
Gold:   500        SH:  0    Dex:  8    Spells: 10/18 levels left

rFire    . . .     SeeInvis .     - Unarmed
rCold    . . .     Gourm    +   (no shield)
rNeg     + . .     Faith    .   j - +1 troll leather armour (curse)
rPois    .         Spirit   .   z - +1 hat {MR+} (curse)
rElec    +         Reflect  .   b - +1 cloak "Nowezis" {rElec rN+ rCorr} (curse)
rCorr    +         Harm     .   (gloves unavailable)
MR       +....     NoTele   +   (boots unavailable)
Stlth    +.........             u - amulet of magic regeneration
HPRegen  1.07/turn              f - ring of wizardry (curse)
MPRegen  0.40/turn              (no ring)

@: very slightly contaminated
A: large, unfitting armour, claws 3, fast metabolism 3, gourmand, regeneration
1, shaggy fur 1, tough skin 3
a: Curse Item, Scrying, Renounce Religion


You were in a Gauntlet.
You worshipped Ashenzari.
Ashenzari was pleased with you.
You were full.

You visited 2 branches of the dungeon, and saw 12 of its levels.
You also visited: Gauntlet.

You collected 595 gold pieces.
You spent 95 gold pieces at shops.

Inventory:

Missiles
 n - 3 javelins (quivered)
Armour
 b - the cursed +1 cloak "Nowezis" (worn) {rElec rN+ rCorr}
   (You found it in a Gauntlet)

   It insulates you from electricity.
   It protects you from negative energy.
   It provides partial protection from all sources of acid and corrosion.
   It has a curse placed upon it.
 j - a cursed +1 troll leather armour (worn)
 l - +0 acid dragon scales
 z - a cursed +1 hat of magic resistance (worn)
Magical Staves
 y - an uncursed staff of conjuration
Jewellery
 f - a cursed ring of wizardry (left claw)
 u - an amulet of magic regeneration (around neck)
 A - an uncursed ring of protection from cold
Wands
 s - a wand of iceblast (4)
 x - a wand of digging (4)
 B - a wand of paralysis (4)
 D - a wand of acid (9)
Scrolls
 e - 3 scrolls of enchant armour
 i - 4 scrolls of remove curse
 k - 3 scrolls of identify
 o - 2 scrolls of fog
 r - 2 scrolls of amnesia
 v - 3 scrolls of fear
 E - a scroll of blinking
Potions
 a - a potion of berserk rage
 c - 2 potions of resistance
 g - 2 potions of agility
 h - 3 potions of cancellation
 m - a potion of haste
 t - a potion of magic
 C - a potion of flight
Comestibles
 d - 19 rations


   Skills:
 - Level 5.0 Fighting
 + Level 4.0 Armour
 - Level 3.2(5.2) Dodging
 - Level 1.0(2.3) Stealth
 + Level 11.7 Unarmed Combat
 - Level 4.4 Spellcasting
 + Level 9.3 Conjurations
   Level 0.6 Summonings
 - Level 0.6 Translocations
 + Level 2.1 Evocations


You had 10 spell levels left.
You knew the following spells:

 Your Spells              Type           Power        Failure   Level  Hunger
a - Magic Dart            Conj           ####         1%          1    None
b - Mephitic Cloud        Conj/Pois/Air  ##......     6%          3    ###....
c - Force Lance           Conj/Tloc      ###.....     10%         4    ####...

Your spell library contained the following spells:

 Spells                   Type           Power        Failure   Level  Hunger
 Searing Ray              Conj           #####.       1%          2    ##.....
 Throw Frost              Conj/Ice       ###...       1%          2    ##.....
 Iskenderun's Mystic Bla  Conj           #####...     1%          4    ####...
 Conjure Flame            Conj/Fire      ###.....     3%          3    ###....
 Dazzling Spray           Conj/Hex       ###...       3%          3    ###....
 Static Discharge         Conj/Air       ###.....     3%          3    ###....
 Summon Small Mammal      Summ           #...         6%          1    None
 Beastly Appendage        Tmut           #.....       8%          1    None
 Confusing Touch          Hex            #.....       8%          1    None
 Blink                    Tloc           N/A          9%          2    ##.....
 Call Imp                 Summ           #.......     9%          2    ##.....
 Ensorcelled Hibernation  Hex/Ice        #.....       11%         2    ##.....
 Slow                     Hex            #.......     11%         2    ##.....
 Fulminant Prism          Conj/Hex       ###.......   11%         4    ####...
 Call Canine Familiar     Summ           #.......     16%         3    ###....
 Gell's Gravitas          Tloc           #.........   16%         3    ###....
 Summon Guardian Golem    Hex/Summ       #.......     19%         3    ###....
 Confuse                  Hex            #.......     21%         3    ###....
 Spider Form              Tmut/Pois      #.........   21%         3    ###....
 Summon Ice Beast         Ice/Summ       #.......     52%         4    ####...
 Summon Lightning Spire   Summ/Air       #.......     52%         4    ####...
 Petrify                  Tmut/Erth      #.......     54%         4    ####...
 Agony                    Necr           #.......     86%         5    ######.
 Alistair's Intoxication  Tmut/Pois      #.......     86%         5    ######.
 Metabolic Englaciation   Hex/Ice        #.........   86%         5    ######.
 Yara's Violent Unravell  Hex/Tmut       #.........   86%         5    ######.


Dungeon Overview and Level Annotations

Branches:
Dungeon (11/15)            Temple (1/1) D:4            Lair (0/6) D:10
    Orc: D:9-12

Altars:
Ashenzari
Cheibriados
Dithmenos
Elyvilon
Fedhas
Gozag
Hepliaklqana
Kikubaaqudgha
Makhleb
Nemelex Xobeh
Okawaru
Qazlal
Ru
Sif Muna
Trog
Uskayaw
Vehumet
Wu Jian
Xom
Yredelemnul
Zin
The Shining One

Shops:
D:5 (?   D:6 (

Annotations:
Gauntlet 6 transporters


Innate Abilities, Weirdness & Mutations

You are too large for most types of armour.
You have claws for hands.
Your metabolism is lightning-fast.
You like to eat raw meat.
Your natural rate of healing is unusually fast.
You are covered in fur. (AC +1)
You have extremely tough skin. (AC +3)


Message History

Press: ? - help, Shift-Dir - straight line, f/p - minotaur
Aim: a minotaur, wearing a +0 plate armour (chance to defeat MR: 2%)
The minotaur resists with almost no effort.
The minotaur throws a javelin.
The javelin hits you!!
* * * LOW HITPOINT WARNING * * *
You see here a javelin.
You see here a javelin.
The balrug shouts!
You see here a javelin.
n - a javelin The minotaur throws a javelin.
The javelin hits you but does no damage.
You see here a javelin.
n - 2 javelins (gained 1)
The minotaur throws a javelin.
The javelin hits you!
* * * LOW HITPOINT WARNING * * *
You see here a javelin.
n - 3 javelins (gained 1)
The minotaur throws a javelin.
The javelin hits you!!
You die...

#8#..######### ###..#........
#..#.##...## #####..#|.##.##.
#≈8≈#..#...#.#..
######...#..#©..#©...
#...##.8.#..#[..#.#..
#.#.##...#..#..##.##. **
#.#.@(.8.#..#.##...## *
#.#(##...#..#........
###+###...##...#..#########
**#..⌠.##(#H##.©.#≈..........
,+⌠...('(#..(...#∩..........
#...∩##.#.##.©.#≈..........
#.⌠..##...##...#..#########
##+####.#.##...#..#2....... *
#.#....8.#..#.#.....#


You could see a minotaur.

Vanquished Creatures
  Gastronok (D:9)
  A green death (Gauntlet)
  2 two-headed ogres
  2 unseen horrors
  A cyclops (D:7)
  An orange demon (Gauntlet)
  A centaur skeleton (D:10)
  Joseph (D:7)
  A troll (D:10)
  Prince Ribbit (D:7)
  2 hippogriffs
  4 flying skulls (Gauntlet)
  2 shadows (Gauntlet)
  Sigmund (D:5)
  A wraith (D:10)
  2 yaks
  A steam dragon (D:11)
  Eustachio (D:6)
  2 hungry ghosts (D:7)
  Menkaure (D:7)
  Edmund (D:5)
  An acid dragon (D:7)
  A water moccasin (D:7)
  4 porcupines (D:10)
  3 orc warriors
  2 slaves
  6 sky beasts
  3 ice beasts
  4 black bears
  A phantom (D:10)
  5 ogres
  5 centaurs
  A crocodile (D:10)
  2 big kobolds
  7 bullfrogs
  3 scorpions
  5 killer bees (D:9)
  9 wights
  A howler monkey (D:6)
  3 crimson imps
  A centaur zombie (D:8)
  4 bullfrog zombies
  2 jellies (D:8)
  3 hounds
  12 orc wizards
  3 orc priests
  4 bullfrog skeletons
  3 iguanas
  3 worker ants
  A hound zombie (D:8)
  A hound skeleton (D:5)
  4 worker ant zombies
  6 adders
  4 shadow imps
  An adder zombie (D:5)
  An ooze (D:1)
  A worm (D:2)
  3 dart slugs
  6 leopard geckos
  32 orcs
  3 ball pythons
  4 bats
  2 giant cockroaches
  7 goblins
  7 hobgoblins
  8 jackals
  12 kobolds
  2 quokkas
  9 frilled lizards
  A leopard gecko skeleton (D:7)
  2 quokka skeletons
  8 rats
256 creatures vanquished.

Vanquished Creatures (collateral kills)
  A killer bee (D:9)
1 creature vanquished.

Vanquished Creatures (others)
  2 demonic plants (Gauntlet)
  29 fungi (D:10)
  3 plants (D:10)
34 creatures vanquished.

Grand Total: 291 creatures vanquished

Notes
Turn   | Place    | Note
-------+----------+-------------------------------------------
     0 | D:1      | KristoblXynda the Troll Wizard began the quest for the Orb.
     0 | D:1      | Reached XP level 1. HP: 16/16 MP: 2/2
    57 | D:1      | Reached skill level 1 in Conjurations
    82 | D:1      | Reached skill level 1 in Unarmed Combat
    85 | D:1      | Reached XP level 2. HP: 24/24 MP: 4/4
   842 | D:2      | Reached XP level 3. HP: 31/31 MP: 5/5
   989 | D:2      | Reached skill level 2 in Unarmed Combat
  1237 | D:2      | Reached XP level 4. HP: 39/39 MP: 6/6
  1816 | D:3      | Found a stormy altar of Qazlal.
  1816 | D:3      | Found a burning altar of Makhleb.
  1897 | D:3      | Learned a level 3 spell: Mephitic Cloud
  1923 | D:3      | Reached skill level 3 in Unarmed Combat
  1923 | D:3      | Reached XP level 5. HP: 33/45 MP: 7/7
  2248 | D:3      | Reached skill level 4 in Unarmed Combat
  2248 | D:3      | Reached XP level 6. HP: 33/53 MP: 8/8
  2657 | D:3      | Reached skill level 5 in Fighting
  2657 | D:3      | Reached skill level 7 in Unarmed Combat
  2657 | D:3      | Reached skill level 5 in Conjurations
  2657 | D:3      | Reached XP level 7. HP: 72/72 MP: 8/12
  2701 | D:4      | Found a staircase to the Ecumenical Temple.
  2854 | D:4      | Found a transporter.
  2875 | D:4      | Found a transporter.
  3218 | Temple   | Entered the Ecumenical Temple
  3278 | Temple   | Became a worshipper of Ashenzari the Shackled
  3560 | D:5      | Entered Level 5 of the Dungeon
  3654 | D:5      | Found Kuiph's Magic Scroll Shoppe.
  3684 | D:5      | Bought a scroll of enchant armour for 75 gold pieces
  3684 | D:5      | Bought a scroll of identify for 20 gold pieces
  3752 | D:5      | Found a white marble altar of Elyvilon.
  3914 | D:5      | Reached XP level 8. HP: 72/80 MP: 13/13
  3923 | D:5      | Found an ancient bone altar of Kikubaaqudgha.
  3930 | D:5      | Reached skill level 8 in Unarmed Combat
  3990 | D:5      | Noticed Sigmund
  4005 | D:5      | Killed Sigmund
  4015 | D:5      | Found Niorph's Antique Weapon Emporium.
  4074 | D:5      | Noticed Edmund
  4080 | D:5      | Killed Edmund
  4539 | D:6      | Noticed Pikel
  4541 | D:6      | Paralysed by Pikel for 7 turns
  4931 | D:6      | Noticed Eustachio
  4938 | D:6      | Killed Eustachio
  4945 | D:6      | Found a bloodstained altar of Trog.
  5166 | D:6      | Found Mumeh's Weapon Shop.
  5505 | D:6      | Noticed Pikel
  5505 | D:6      | Pikel changed into Pikel the yak
  5516 | D:6      | Killed Pikel the yak
  5522 | D:6      | Reached XP level 9. HP: 36/88 MP: 14/14
  5824 | D:7      | Noticed Prince Ribbit
  5976 | D:7      | Killed Prince Ribbit
  5976 | D:7      | Reached skill level 9 in Unarmed Combat
  6032 | D:7      | Noticed Menkaure
  6057 | D:7      | Killed Menkaure
  6170 | D:7      | Found a snail-covered altar of Cheibriados.
  6392 | D:7      | Noticed a cyclops
  6398 | D:7      | Identified the Papyrus of Mutagenic Evil
  6412 | D:7      | Killed a cyclops
  6599 | D:7      | Found a blossoming altar of Fedhas.
  6599 | D:7      | Found a hide-covered altar of Uskayaw.
  6823 | D:7      | Reached XP level 10. HP: 94/96 MP: 15/15
  6856 | D:7      | Noticed Joseph
  6888 | D:7      | Killed Joseph
  6888 | D:7      | Reached skill level 10 in Unarmed Combat
  7005 | D:7      | Learned a level 4 spell: Force Lance
  7093 | D:8      | Reached * piety under Ashenzari
  7530 | D:8      | Found an iron altar of Okawaru.
  7754 | D:8      | Found a glowing golden altar of the Shining One.
  7835 | D:8      | Found a deep blue altar of Sif Muna.
  7947 | D:9      | Noticed a two-headed ogre
  7960 | D:9      | Killed a two-headed ogre
  8040 | D:9      | Identified the Guide on Frigorific Combat Magic
  8148 | D:9      | Found a sparkling altar of Nemelex Xobeh.
  8837 | D:9      | Noticed Gastronok
  8857 | D:9      | Killed Gastronok
  8857 | D:9      | Reached skill level 11 in Unarmed Combat
  8857 | D:9      | Reached XP level 11. HP: 100/102 MP: 16/16
  9028 | D:10     | Entered Level 10 of the Dungeon
  9266 | D:10     | Killed an unseen horror
  9442 | D:10     | Found a staircase to the Lair.
  9684 | D:10     | Reached skill level 1 in Evocations
  9816 | D:10     | Noticed a two-headed ogre
  9824 | D:10     | Killed a two-headed ogre
 10155 | D:11     | Found a gate leading to a gauntlet.
 10171 | D:11     | Killed an unseen horror
 10232 | Gauntlet | Entered a Gauntlet
 10232 | Gauntlet | Found a transporter.
 10232 | Gauntlet | Found a transporter.
 10232 | Gauntlet | Noticed a necromancer
 10260 | Gauntlet | Found a transporter.
 10264 | Gauntlet | Found a transporter.
 10274 | Gauntlet | Found a transporter.
 10275 | Gauntlet | Reached ** piety under Ashenzari
 10278 | Gauntlet | Found a transporter.
 10290 | Gauntlet | Noticed a green death
 10294 | Gauntlet | Found a transporter.
 10309 | Gauntlet | Found a transporter.
 10309 | Gauntlet | Noticed a balrug
 10315 | Gauntlet | Found a transporter.
 10334 | Gauntlet | Found a transporter.
 10334 | Gauntlet | Found a transporter.
 10376 | Gauntlet | Found a transporter.
 10799 | Gauntlet | Killed a green death
 10821 | Gauntlet | Got the uncursed cloak "Nowezis" {rElec rN+ rCorr}
 10832 | Gauntlet | Identified the +1 cloak "Nowezis" {rElec rN+ rCorr} (You
                  | found it in a Gauntlet)
 10863 | Gauntlet | Noticed a minotaur
 10902 | Gauntlet | Hit by a javelin thrown by a minotaur

Levels and vault maps discovered:
D:1:      nicolae_arrival_washed_ashore, layout_basic
D:2:      layout_loops_ring, minmay_3d_cube
D:3:      layout_basic, grunt_temple_overflow_open
D:4:      gammafunk_wand_slinger, layout_basic, minmay_temple_entry_slanted
D:5:      layout_loops_corners, kiku_gazebo_garden_becter, first_ration,
          serial_shops, shop, shop, elyvilon_altar_1, uniq_sigmund, uniq_edmund
D:6:      layout_loops_corners, kennysheep_mini_moat, serial_shops,
          kennysheep_little_box, uniq_pikel, uniq_eustachio
D:7:      minmay_the_grid_plus [minmay_the_grid_zigzag_pyramid,
          minmay_the_grid_dragon_a, minmay_the_grid_square_x,
          minmay_the_grid_doors, minmay_the_grid_prize_trominoes],
          layout_loops_ring, cheibriados_altar_1,
          chequers_temple_overflow_statue_of_worship, uniq_menkaure,
          uniq_prince_ribbit1, uniq_joseph
D:8:      layout_rooms, nicolae_tso_swordbearing_angel,
          okawaru_metal_pillars_1_2, led_sif_pool
D:9:      layout_irregular_city, nemelex_altar_shiori, uniq_gastronok
D:10:     layout_basic, due_lair_maze_entry_diamond
D:11:     layout_roguey, gauntlet_entry_generic, nicolae_trove_entry_columns
Temple:   eino_wide_crystal_templ
Gauntlet: gammafunk_gauntlet_hard_choice [gammafunk_gauntlet_arena_crates,
          nicolae_gauntlet_arena_quarters,
          gammafunk_gauntlet_arena_split_diamond,
          gammafunk_gauntlet_arena_hedges, gammafunk_gauntlet_arena_split_x,
          nicolae_gauntlet_arena_blocks, gauntlet_exit_hidden_loot]

Skill      XL: |  1  2  3  4  5  6  7  8  9 10 11 |
---------------+----------------------------------+-----
Conjurations   | 1 2 3 5 6 7 8 9 |  9.3
Unarmed Combat | 1 2 3 4 7 8 9 11 | 11.7
Fighting       | 5 |  5.0
Spellcasting   | 4 |  4.4
Dodging        | 3 |  3.2
Armour         | 2 4 |  4.0
Evocations     | 2 |  2.1
Stealth        | |  1.0
Summonings     | |  0.6
Translocations | |  0.6

Action                   |  1- 3 |  4- 6 |  7- 9 | 10-12 || total
-------------------------+-------+-------+-------+-------++-------
Melee: Unarmed           |   160 |   134 |   297 |   497 ||  1088
       Punch             |       |     1 |     8 |    15 ||    24
 Cast: Mephitic Cloud    |       |       |       |     4 ||     4
Invok: Curse Item        |       |       |     1 |     3 ||     4
Evoke: Wand              |       |       |     4 |     5 ||     9
  Use: Scroll            |       |     7 |     7 |    11 ||    25
       Potion            |       |     1 |     2 |     4 ||     7
 Stab: Sleeping          |     1 |     1 |       |       ||     2
  Eat: Chunk             |    17 |     9 |    40 |    37 ||   103
       Ration            |       |       |     1 |     2 ||     3
Armor: Robe              |    65 |    68 |   106 |     2 ||   241
       Acid dragon scale |       |       |       |   146 ||   146
       Troll leather arm |       |       |       |    86 ||    86
Dodge: Dodged            |    86 |    53 |    94 |   195 ||   428

Table legend:
 A = Non-vault XP
 B = Vault XP
 C = Vault XP percentage of total XP
 D = Non-vault monster count
 E = Vault monster count
 F = Vault count percentage of total count
                 A         B        C        D         E       F
            +---------+---------+-------+---------+---------+-------
      Total |   11050 |    9246 |  45.6 |     204 |      51 |  20.0
            +---------+---------+-------+---------+---------+-------
        D:1 |      34 |       0 |   0.0 |      16 |       0 |   0.0
        D:2 |      89 |      22 |  19.8 |      29 |       5 |  14.7
        D:3 |     318 |       0 |   0.0 |      22 |       0 |   0.0
        D:4 |      60 |     117 |  66.1 |       6 |       5 |  45.5
        D:5 |     663 |     378 |  36.3 |      12 |       2 |  14.3
        D:6 |     372 |     387 |  51.0 |       5 |       2 |  28.6
        D:7 |     955 |    2792 |  74.5 |      14 |      18 |  56.2
        D:8 |    1966 |       0 |   0.0 |      43 |       0 |   0.0
        D:9 |    2161 |    2193 |  50.4 |      25 |       1 |   3.8
       D:10 |    3414 |    1267 |  27.1 |      28 |      10 |  26.3
       D:11 |    1018 |       0 |   0.0 |       4 |       0 |   0.0
   Gauntlet |       0 |    2090 | 100.0 |       0 |       8 | 100.0
            +---------+---------+-------+---------+---------+-------
